 Dungeon Crawl Stone Soup version 0.22-a0-609-gfedc9ff (webtiles) character file.

7 Amnesiac the Caller (level 1, 0/10 HPs)
             Began as a Deep Elf Summoner on July 10, 2018.
             Slain by an adder (3 damage)
             ... on level 2 of the Dungeon.
             The game lasted 00:00:58 (154 turns).

Amnesiac the Caller (Deep Elf Summoner)              Turns: 154, Time: 00:00:58

Health: 0/10       AC:  2    Str:  5    XL:     1   Next: 83%
Magic:  5/6        EV: 13    Int: 19    God:
Gold:   0          SH:  0    Dex: 15    Spells: 5/6 levels left

rFire    . . .     SeeInvis .   d - +0 hunting sling
rCold    . . .     Gourm    .   (no shield)
rNeg     . . .     Faith    .   a - +0 robe
rPois    .         Spirit   .   (no helmet)
rElec    .         Reflect  .   (no cloak)
rCorr    .         Harm     .   (no gloves)
MR       .....                  (no boots)
Stlth    ++........             (no amulet)
HPRegen  0.03/turn              (no ring)
MPRegen  0.10/turn              (no ring)

@: lethally poisoned (0 -> -12)
A: no striking features
a: no special abilities


You were on level 2 of the Dungeon.
You were not hungry.

You visited 1 branch of the dungeon, and saw 2 of its levels.

Inventory:

Hand Weapons
 d - a +0 hunting sling (weapon)
Missiles
 e - 21 stones (quivered)
Armour
 a - a +0 robe (worn)
Jewellery
 b - an uncursed ring of stealth {unknown}
Scrolls
 g - a scroll of fog {!r, unknown}
Comestibles
 c - a ration
 f - 2 chunks of flesh


   Skills:
 - Level 2.4 Dodging
 - Level 2.4 Stealth
 + Level 3.4 Spellcasting
 + Level 4.6 Summonings


You had 5 spell levels left.
You knew the following spells:

 Your Spells              Type           Power        Failure   Level  Hunger
a - Summon Small Mammal   Summ           ###.         2%          1    None

Your spell library contained the following spells:

 Spells                   Type           Power        Failure   Level  Hunger
 Summon Ice Beast         Ice/Summ       ##......     50%         4    ####...
 Call Imp                 Summ           ###.....     3%          2    ##.....
 Call Canine Familiar     Summ           ###.....     7%          3    ###....
 Summon Lightning Spire   Summ/Air       ##......     50%         4    ####...
 Summon Guardian Golem    Hex/Summ       ##......     17%         3    ###....


Dungeon Overview and Level Annotations

Branches:
Dungeon (2/15)

Altars:


Message History

The adder bites your bat but does no damage.
The adder closely misses your bat. The adder closely misses your bat.
The adder bites your bat.
Your bat dies!
Your bat's corpse disappears in a puff of smoke!
The adder closely misses you.
The adder dies!
You see here a robe.
You see here a robe.
You see here a stone.
Things that are here:
a hunting sling; 18 stones; a goblin corpse
d - a hunting sling;
e - 18 stones You butcher the goblin corpse.
f - 2 chunks of flesh You see here a goblin skeleton. x2
You swap places.
e - 19 stones (gained 1)
Your quokka disappears in a puff of smoke!
g - a scroll labeled MOYGAUR UHOA {!r} Your bat disappears in a puff of smoke!
Magic restored.
e - 23 stones (gained 4)
There is a stone staircase leading up here.
e - 24 stones (gained 1)
You see here a dagger.
Wield which item (- for none, * to show all)? (? for menu, Esc to quit)
d - a +0 hunting sling (weapon)
e - 25 stones (gained 1) HP restored.
An adder comes into view.
An adder is nearby!
An adder is nearby!
Firing (i - inventory)
e - 25 stones (quivered)
Press: ? - help, Shift-Dir - straight line, f - adder
Aim: an adder (hasn't noticed you)
You shoot a stone. The stone misses the adder.
No target in view!
You found a teleport trap!
Casting: Summon Small Mammal (safe; 2% risk of failure)
Confirm with . or Enter, or press ? or * to list all spells.
Firing (i - inventory)
e - 24 stones (quivered)
Press: ? - help, Shift-Dir - straight line, f/p - adder
Aim: an adder You shoot a stone.
The stone hits the adder.
The adder is moderately wounded.
The adder bites you.
Firing (i - inventory)
e - 23 stones (quivered)
Press: ? - help, Shift-Dir - straight line, f/p - adder
Aim: an adder (moderately wounded)
You shoot a stone. The stone barely misses the adder.
The adder bites you.
You are poisoned.
The adder poisons you! The adder bites you.
* * * LOW HITPOINT WARNING * * *
You are more poisoned.
The adder poisons you!
Firing (i - inventory)
e - 22 stones (quivered)
Press: ? - help, Shift-Dir - straight line, f/p - adder
Aim: an adder (heavily wounded)
You shoot a stone. The stone misses the adder.
* * * LOW HITPOINT WARNING * * *
You feel sick. The adder bites you.
You die...

.(. ###### .. #....# ###
.. #..>.# #.. . #.#...(#
#.# .# #.#....# #^# #.#
#.#....########.###..#####
#.#.............r.........
#.............#@S(########
##.....#........###
#.....#).....###
#.....#<.....########
#.#####...[...รท.....# #.#
####.....######...
#.###........#
#.##..##.....#
##.##.#########


You could see an adder and a friendly quokka.

Vanquished Creatures (collateral kills)
  An adder (D:2)
  2 goblins (D:2)
3 creatures vanquished.

Notes
Turn   | Place    | Note
-------+----------+-------------------------------------------
     0 | D:1      | Amnesiac the Deep Elf Summoner began the quest for the Orb.
     0 | D:1      | Reached XP level 1. HP: 10/10 MP: 6/6
   154 | D:2      | Slain by an adder

Vault maps used:
D:1:      matt_arrival_refuge
D:2:      lemuel_round_altar, first_ration

Action                   || total
-------------------------++-------
Melee: Unarmed           ||     2
 Fire: Hunting sling     ||     4
 Cast: Summon Small Mamm ||     7
Armor: Robe              ||     1
Dodge: Dodged            ||     6

Table legend:
 A = Spawn XP
 B = Non-spawn XP
 C = Spawn XP percentage of total XP
 D = Spawn monster count
 E = Non-spawn monster count
 F = Spawn count percentage of total count
 G = Total turns spent on level
                    A         B        C        D         E        F      G
               +---------+---------+-------+---------+---------+-------+---------
         Total |       0 |      10 |   0.0 |       0 |       3 |   0.0 |   154
               +---------+---------+-------+---------+---------+-------+---------
           D:2 |       0 |      10 |   0.0 |       0 |       3 |   0.0 |    94
               +---------+---------+-------+---------+---------+-------+---------
